 Dungeon Crawl Stone Soup version 0.25.1-2-g60ff931df9 (console) character file.

Game seed: 14337108332153964853

865 Colgate the Slasher (level 8, 47/62 HPs)
             Began as a Barachi Berserker on Aug 17, 2020.
             Was a Priest of Trog.
             Quit the game on level 4 of the Dungeon on Aug 20, 2020.
             The game lasted 00:59:39 (4937 turns).

Colgate the Slasher (Barachi Berserker)             Turns: 4937, Time: 00:59:40

Health: 47/62      AC: 11    Str: 19    XL:     8   Next: 3%
Magic:  8/8        EV:  8    Int:  8    God:    Trog [***...]
Gold:   178        SH:  5    Dex: 13    Spells: 7/7 levels left

rFire    . . .     SeeInvis .   a - +2 quarterstaff (chaos)
rCold    . . .     Gourm    .   (shield currently unavailable)
rNeg     . . .     Faith    .   A - +0 chain mail
rPois    .         Spirit   .   (no helmet)
rElec    .         Reflect  +   D - +0 cloak
rCorr    .         Harm     .   E - +0 pair of gloves
MR       .....                  (no boots)
Stlth    ..........             q - amulet of reflection
HPRegen  0.20/turn              k - ring of wizardry
MPRegen  0.11/turn              (no ring)

@: can't hop, slow
A: +LOS, swims, slowness 1, strong legs 1
a: Hop, Berserk, Trog's Hand, Renounce Religion


You were on level 4 of the Dungeon.
You worshipped Trog.
Trog was most pleased with you.
You were not hungry.

You visited 1 branch of the dungeon, and saw 4 of its levels.

You collected 178 gold pieces.

Inventory:

Hand Weapons
 a - a +2 quarterstaff of chaos (weapon)
 b - a +0 hand crossbow
 w - a +0 whip of flaming
 x - a +0 falchion
 G - a +0 rapier
 H - a +0 antimagic dagger
Missiles
 f - 146 stones (quivered)
 n - 15 bolts
 y - 40 arrows
 B - 13 sling bullets
Armour
 d - a +0 animal skin
 r - a +0 ring mail
 v - a +0 leather armour
 A - a +0 chain mail (worn)
 D - a +0 cloak (worn)
 E - a +0 pair of gloves (worn)
Jewellery
 k - a ring of wizardry (left hand)
 q - an amulet of reflection (around neck)
Scrolls
 e - 3 scrolls of identify {unknown}
 h - a scroll of teleportation {unknown}
 l - a scroll of fear {unknown}
 m - a scroll of magic mapping {unknown}
 p - 3 scrolls of remove curse {unknown}
 s - a scroll of blinking {unknown}
 u - a scroll of immolation {unknown}
Potions
 g - a potion of degeneration {unknown}
 i - a potion of mutation {unknown}
 j - a potion of haste
 o - 2 potions of might {unknown}
 t - a potion of cancellation {unknown}
 z - a potion of flight {unknown}
 C - a potion of curing {unknown}
Comestibles
 c - 10 rations
 F - a chunk of flesh


   Skills:
 - Level 5.0 Fighting
 - Level 2.0(4.6) Short Blades
 - Level 7.3(7.5) Long Blades
 + Level 2.6 Staves
 - Level 4.9 Throwing
 - Level 3.0 Armour
 - Level 2.1 Dodging


You had 7 spell levels left.
You didn't know any spells.
Your spell library was empty.

Dungeon Overview and Level Annotations

Branches:
Dungeon (4/15)
 Temple: D:4-7

Altars:
Vehumet


Innate Abilities, Weirdness & Mutations

You can be seen from farther away. (+LOS)
You can swim through water.
You cover ground slowly.
You can hop short distances.


Message History

Aim: an orc, wielding a +0 trident You throw a stone.
The stone hits the orc.
The orc is lightly wounded.
Throwing (i - inventory)
f - 147 stones (quivered)
Press: ? - help, Shift-Dir - straight line, f/p - orc
Aim: an orc, wielding a +0 trident (lightly wounded)
You throw a stone. The stone hits the orc.
The orc is severely wounded.
The orc hits you but does no damage. The orc completely misses you.
You hit the orc.
You kill the orc!
Trog accepts your kill.
Welcome back, Colgate the Barachi Berserker.
Trog says: Kill them all!
Press ? for a list of commands and other information.
Welcome back, Colgate the Barachi Berserker.
Trog says: Kill them all!
Press ? for a list of commands and other information.
Are you sure you want to abandon this character and quit the game? (Confirm with "yes".)

.. ### ....# ##.## .....
##...#### ......
#.)...#.##.# ......
##@......... #.....
##).....#. .....
#..#...... #....
######..# ....# ##...
##.......# ...# #...#
###......### .# #..##
....o.....## ....##.##.
.#(.o......# ..........
###.#.....## #.........
####.....### #.....##..
............###....####.


There were no monsters in sight!

Vanquished Creatures
  Grinder (D:3)
  Duvessa (D:4)
  Dowan (D:3)
  A quasit (D:4)
  A hound (D:4)
  Crazy Yiuf (D:3)
  2 orc priests
  An orc wizard (D:3)
  Ijyb (D:3)
  3 worker ants
  3 gnolls (D:3)
  11 adders
  An adder skeleton (D:4)
  A worm (D:2)
  5 dart slugs
  2 leopard geckos
  8 orcs
  6 bats
  3 giant cockroaches
  8 goblins
  7 hobgoblins
  4 jackals (D:3)
  7 kobolds
  2 ball pythons (D:3)
  5 frilled lizards
  8 rats
94 creatures vanquished.

Vanquished Creatures (others)
  4 toadstools (D:1)
4 creatures vanquished.

Grand Total: 98 creatures vanquished

Notes
Turn   | Place    | Note
-------+----------+-------------------------------------------
     0 | D:1      | Colgate the Barachi Berserker began the quest for the Orb.
     0 | D:1      | Reached XP level 1. HP: 18/18 MP: 1/1
    48 | D:1      | Reached skill level 4 in Long Blades
   268 | D:1      | Reached XP level 2. HP: 25/25 MP: 2/2
  1091 | D:2      | Reached XP level 3. HP: 30/30 MP: 3/3
  1119 | D:2      | Reached skill level 5 in Long Blades
  1197 | D:2      | Reached ** piety under Trog
  1197 | D:2      | Reached XP level 4. HP: 24/38 MP: 4/4
  1524 | D:2      | Reached skill level 5 in Fighting
  2433 | D:2      | Reached XP level 5. HP: 44/44 MP: 5/5
  2758 | D:3      | Reached skill level 6 in Long Blades
  2915 | D:3      | Noticed Grinder
  3241 | D:3      | Reached skill level 1 in Throwing
  3619 | D:3      | Reached XP level 6. HP: 51/51 MP: 6/6
  3668 | D:3      | Noticed Ijyb
  3699 | D:3      | Killed Ijyb
  3725 | D:3      | Found a radiant altar of Vehumet.
  3897 | D:3      | Killed Grinder
  3897 | D:3      | Reached XP level 7. HP: 51/56 MP: 2/7
  3998 | D:3      | Reached *** piety under Trog
  4222 | D:3      | Found a runed translucent door.
  4223 | D:3      | Noticed Crazy Yiuf
  4230 | D:3      | Killed Crazy Yiuf
  4230 | D:3      | Reached skill level 1 in Short Blades
  4483 | D:4      | Noticed Duvessa
  4483 | D:4      | Noticed Dowan
  4511 | D:4      | Killed Duvessa
  4543 | D:3      | Killed Dowan
  4543 | D:3      | Reached skill level 7 in Long Blades
  4677 | D:4      | Reached skill level 1 in Staves
  4928 | D:4      | Reached XP level 8. HP: 47/62 MP: 8/8
  4937 | D:4      | Quit the game

Illustrated notes

Levels and vault maps discovered:
D:1:      ldierk_walled_garden_2, layout_basic
D:2:      layout_loops_ring, kennysheep_nondescript
D:3:      layout_basic, lemuel_coloured_pillars_altar, uniq_crazy_yiuf_cottage,
          uniq_ijyb, uniq_grinder
D:4:      layout_cave_pools, minmay_misc_feat_alley, minmay_manual_macuahuitl,
          uniq_duvessa

Skill      XL: |  1  2  3  4  5  6  7 |
---------------+----------------------+-----
Long Blades    | 4 5 6 7 |  7.3
Fighting       | 4 5 |  5.0
Throwing       | 2 4 |  4.9
Armour         | 3 |  3.0
Short Blades   | 2 |  2.0
Staves         | 2 |  2.6
Dodging        | |  2.1

Action                   |  1- 3 |  4- 6 |  7- 9 || total
-------------------------+-------+-------+-------++-------
Melee: Falchion          |    62 |   131 |    35 ||   228
       Dagger            |       |    34 |    11 ||    45
       Quarterstaff      |       |       |    45 ||    45
 Fire: Hand crossbow     |       |       |     2 ||     2
Throw: Stone             |    22 |    78 |    57 ||   157
       Boomerang         |       |    35 |     3 ||    38
Invok: Berserk           |     1 |     1 |     1 ||     3
 Abil: Hop               |       |     1 |     4 ||     5
  Eat: Chunk             |     1 |    11 |     5 ||    17
Armor: Animal skin       |     8 |     3 |       ||    11
       Ring mail         |       |    34 |     6 ||    40
       Chain mail        |       |       |    42 ||    42
Dodge: Dodged            |    24 |    81 |    45 ||   150
Block: Other             |       |    23 |    20 ||    43
       Reflection        |       |     4 |       ||     4
       Rpst.: Falchion   |     6 |    20 |     5 ||    31
